 Dungeon Crawl Stone Soup version 0.27-a0-887-gcab673c142 (webtiles) character file.

Game seed: 2280330705935645569

294 CovertPenguin the Chopper (level 6, -5/55 HPs)
             Began as a Deep Dwarf Fighter on Apr 4, 2021.
             Slain by an ogre
             ... wielding a +0 giant club
              (26 damage)
             ... on level 4 of the Dungeon.
             The game lasted 00:07:01 (2717 turns).

CovertPenguin the Chopper (Deep Dwarf Fighter)      Turns: 2717, Time: 00:07:01

Health: -5/55      AC:  7    Str: 22    XL:     6   Next: 11%
Magic:  3/3        EV: 10    Int:  8    God:
Gold:   109        SH:  0    Dex: 12    Spells: 5/5 levels left

rFire    + . .     SeeInvis .   a - +0 war axe
rCold    . . .     Faith    .   (no shield)
rNeg     . . .     Spirit   .   m - +2 ring mail {rF+}
rPois    .         Reflect  .   (no helmet)
rElec    .         Harm     .   (no cloak)
rCorr    .         Rampage  .   (no gloves)
Will     .....                  (no boots)
Stlth    +.........             (no amulet)
HPRegen  0.00/turn              (no ring)
MPRegen  0.08/turn              (no ring)

@: non-regenerating
A: damage resistance, heal wounds, sense surroundings 1, no regeneration
a: Heal Wounds


You were on level 4 of the Dungeon.
You visited 1 branch of the dungeon, and saw 4 of its levels.

You collected 109 gold pieces.

Inventory:

Hand Weapons
 a - a +0 war axe (weapon)
 e - a +2 whip of electrocution
   (You took it off a kobold on level 1 of the Dungeon)
Missiles
 l - 24 poisoned darts
 n - 21 stones
Armour
 c - a +0 kite shield
 j - a +2 leather armour of cold resistance
   (You found it on level 2 of the Dungeon)
 m - a +2 ring mail of fire resistance (worn)
   (You found it on level 3 of the Dungeon)
Jewellery
 f - a ring of wizardry
   (You found it on level 1 of the Dungeon)
 o - a +6 ring of dexterity
   (You found it on level 3 of the Dungeon)
Wands
 u - a wand of paralysis (7)
   (You found it on level 4 of the Dungeon)
Scrolls
 b - a scroll of fog
 g - 2 scrolls of enchant weapon
 h - a scroll of acquirement {unknown}
 i - 4 scrolls of torment {!r}
 k - a scroll of blinking
 p - a scroll of noise {unknown}
Potions
 d - a potion of might
 q - a potion of attraction {!q}


   Skills:
 - Level 2.6 Fighting
 * Level 6.0 Axes
 - Level 3.2 Armour
 + Level 5.0 Shields


You had 5 spell levels left.
You didn't know any spells.
Your spell library contained the following spells:

 Spells                   Type           Power      Damage    Failure   Level
 Magic Dart               Conj           0%         1d3       56%         1
 Blink                    Tloc           N/A        N/A       71%         2
 Call Imp                 Summ           0%         N/A       71%         2
 Slow                     Hex            0%         N/A       71%         2
 Conjure Flame            Conj/Fire      0%         6-21      90%         3
 Mephitic Cloud           Conj/Pois/Air  0%         N/A       90%         3


Dungeon Overview and Level Annotations

Branches:
Dungeon (4/15)
 Temple: D:4-7

Altars:


Innate Abilities, Weirdness & Mutations

You are resistant to damage.
You can heal yourself by infusing magical energy.
You passively map a small area around you.
You do not regenerate.


Message History

You kill the iguana!
Your Shields skill increases to level 5!
You have reached level 6!
Your experience leads to an increase in your attributes!
Increase (S)trength, (I)ntelligence, or (D)exterity?
You feel stronger.
You slash the hobgoblin!
You kill the hobgoblin!
Search for what [? for help]? vamp Can't find anything matching that.
An orc comes into view. It is wielding a +0 club.
The orc shouts!
An orc is nearby!
You are too injured to fight recklessly!
Unknown command.
You slash the orc!
You kill the orc!
You see here a +0 club.
Found a mace.
An adder skeleton comes into view.
An adder skeleton is nearby!
Found a stone staircase leading down.
You hit the adder skeleton.
The adder skeleton bites you but does no damage.
The adder skeleton barely misses you.
You closely miss the adder skeleton.
The adder skeleton bites you but does no damage.
You hit the adder skeleton. The adder skeleton bites you.
You slash the adder skeleton!
You destroy the adder skeleton!
Your Axes skill increases to level 6!
A dart slug comes into view.
A dart slug is nearby!
You are too injured to fight recklessly!
The dart slug launches a dart at you. The slug dart hits you.
* * * LOW HITPOINT WARNING * * *
Unknown command.
You slash the dart slug!
You kill the dart slug!
You don't know any spells.
You don't know any spells.
Unknown command.
You don't know any spells.
Okay, then.
An ogre comes into view. It is wielding a +0 giant club.
The ogre shouts!
You slash the ogre!
The ogre hits you with a +0 giant club!!
You die...

.#..#####..# #...##....(.........
.....##....###..#####..#.........
<............#..# ##.###........
...............## #...##.#......
......###..##.. #..###.#......
.....## #.####.# ##..# #......
##....# * #..* #...###.#.....#
##...... *#O###.##.##.#..###.
##...... *#.@...#.####...# #
*...... *#.#####.........## #
*...... .. #..........###
#........ * #..####.....## *
......** ##..## #.>..... , , ##
#....####...... ,8,, *
#.###..##.....## , _ ,..#*
##...###..# #.# #.### #..#


You could see an ogre.

Vanquished Creatures
  A scorpion (D:3)
  An iguana (D:4)
  10 gnolls
  An adder (D:3)
  An adder skeleton (D:4)
  4 worms
  8 dart slugs
  2 orcs
  6 bats
  5 endoplasms
  3 giant cockroaches
  3 goblins
  8 hobgoblins
  4 jackals (D:3)
  A quokka (D:3)
  6 ball pythons
  8 kobolds
  4 rats
76 creatures vanquished.

Notes
Turn   | Place    | Note
-------+----------+-------------------------------------------
     0 | D:1      | CovertPenguin the Deep Dwarf Fighter began the quest for
                  | the Orb.
     0 | D:1      | Reached XP level 1. HP: 20/20 MP: 1/1
   217 | D:1      | Reached XP level 2. HP: 24/27 MP: 1/1
   373 | D:1      | Reached skill level 3 in Axes
   708 | D:2      | Reached XP level 3. HP: 26/33 MP: 2/2
  1222 | D:2      | Reached skill level 4 in Axes
  1431 | D:3      | Reached XP level 4. HP: 40/40 MP: 3/3
  1588 | D:3      | Noticed a scorpion
  1606 | D:3      | Killed a scorpion
  1607 | D:3      | Reached skill level 5 in Axes
  1607 | D:3      | Reached XP level 5. HP: 26/46 MP: 2/2
  1753 | D:3      | Found a faded altar of an unknown god.
  2628 | D:4      | Reached skill level 5 in Shields
  2628 | D:4      | Reached XP level 6. HP: 24/55 MP: 3/3
  2682 | D:4      | Reached skill level 6 in Axes
  2717 | D:4      | Slain by an ogre

Illustrated notes

Levels and vault maps discovered:
D:1:      onia_arrival_pentagram, layout_basic
D:2:      layout_basic, grunt_ministairs_7
D:3:      layout_basic, basic_ecumenical_altar
D:4:      layout_layer_cave, doesnt_xom_only_xom, trog_antimagical,
          serial_shops, nicolae_shop_waterfront, minmay_goblin_kobold_house

Skill      XL: |  1  2  3  4  5  6 |
---------------+-------------------+-----
Axes           | 3 4 5 6 |  6.0
Shields        | 4 5 |  5.0
Fighting       | |  2.6
Armour         | |  3.2

Action                   |  1- 3 |  4- 6 || total
-------------------------+-------+-------++-------
Melee: War axe           |   140 |   117 ||   257
 Abil: Heal Wounds       |     2 |     4 ||     6
  Use: Scroll            |       |     4 ||     4
       Potion            |       |     1 ||     1
Armor: Scale mail        |    66 |    10 ||    76
       Leather armour    |     7 |    15 ||    22
       Ring mail         |       |    12 ||    12
Dodge: Dodged            |    78 |    77 ||   155
Block: Kite shield       |    14 |       ||    14

Table legend: (Time is in decaauts)
 A = Elapsed time spent in this place.
 B = Non-inter-level travel time spent in this place.
 C = Inter-level travel time spent in this place.
 D = Time resting spent in this place.
 E = Time spent auto-exploring this place.
 F = Levels seen in this place.
 G = Mean time per level.
                   A        B        C        D        E       F      G
               +--------+--------+--------+--------+--------+-----+--------+
         Total |   2799 |   2629 |    170 |    200 |   1762 |   4 |  699.8 |
       Dungeon |   2799 |   2629 |    170 |    200 |   1762 |   4 |  699.8 |
               +--------+--------+--------+--------+--------+-----+--------+

Top non-repeatable levels by time:
     D:3: 1081 daAuts
     D:2: 773 daAuts
     D:1: 667 daAuts
     D:4: 278 daAuts
